 Dungeon Sprint DCSS version 0.19.5 (webtiles) character file.

21 equalderp2856 the Caller (level 2, -1/11 HPs)
             Began as a Felid Summoner on Mar 8, 2017.
             Slain by a porcupine (6 damage)
             ... in the Dungeon (Sprint VII: "The Pits").
             The game lasted 00:01:58 (702 turns).

equalderp2856 the Caller (Felid Summoner)            Turns: 702, Time: 00:01:59

Health: -1/11      AC:  1    Str:  4    XL:     2   Next: 65%
Magic:  4/6        EV: 18    Int: 16    God:
Gold:   0          SH:  0    Dex: 16    Spells: 1 memorised, 5 levels left
                                        Lives:  0   Deaths: 0

rFire  . . .     SeeInvis +     (weapon unavailable)
rCold  . . .     Gourm    .     (armour unavailable)
rNeg   . . .     Faith    .     (shield unavailable)
rPois  .         Spirit   .     (helmet unavailable)
rElec  .         Reflect  .     (cloak unavailable)
rCorr  .         Harm     .     (gloves unavailable)
MR     .....     NoTele   +     (boots unavailable)
Stlth  +++.......               (no amulet)
                                (no ring)
                                (no ring)

@: quick
A: no armour, no weapons or thrown items, stealth, claws 1, fangs 3, see
invisible, carnivore 3, speed 1, shaggy fur 1, slow metabolism 1, sharp paws
a: no special abilities


You were in the Dungeon.
You were very full.

You visited 1 branch

Inventory:

Scrolls
 h - a scroll of blinking
 j - 3 scrolls of remove curse
 k - 5 scrolls of amnesia
 l - a scroll of summoning
Potions
 c - a potion of curing
 d - a potion of heal wounds
 e - a potion of haste
 f - 4 potions of magic
 g - 3 potions of berserk rage
 i - 2 potions of invisibility
Books
 a - a book of Callings

   Spells                             Type                      Level
   a - Summon Small Mammal            Summoning                    1
   b - Call Imp                       Summoning                    2
   c - Call Canine Familiar           Summoning                    3
   d - Summon Guardian Golem          Hexes/Summoning              3
   e - Summon Lightning Spire         Summoning/Air                4
   f - Summon Ice Beast               Ice/Summoning                4
Comestibles
 b - 8 meat rations


   Skills:
 + Level 3.3 Dodging
 + Level 3.0 Stealth
 + Level 0.6 Unarmed Combat
 + Level 2.5 Spellcasting
 + Level 6.1 Summonings


You had 5 spell levels left.
You knew the following spells:

 Your Spells              Type           Power        Failure   Level  Hunger
a - Summon Small Mammal   Summ           ###.         1%          1    #......


Dungeon Overview and Level Annotations

Branches:
Dungeon (1/1)

Altars:


Innate Abilities, Weirdness & Mutations

You cannot wear armour.
You are incapable of wielding weapons or throwing items.
Your paws allow you to move quietly. (Stealth)
You have sharp claws.
You have razor-sharp teeth.
You have supernaturally acute eyesight. (SInv)
You are carnivorous and can eat meat at any time.
You cover ground quickly.
You are covered in fur. (AC +1)
You have a slow metabolism.
Your sharp claws are effective at attacking unaware monsters.


Message History

Ouch! That really hurt!
Your quokka completely misses the porcupine.
Unknown command.
Unknown command.
The porcupine barely misses you.
There is an open door, spattered with blood here.
You see here a kobold skeleton.
There is an open door to the Storerooms (Easy) here.
Casting: Summon Small Mammal
Confirm with . or Enter, or press ? or * to list all spells.
Okay, then.
Your quokka bites the porcupine.
Casting: Summon Small Mammal
Confirm with . or Enter, or press ? or * to list all spells.
Your rat is struck by the porcupine's spines.
Your rat dies!
Your rat's corpse disappears in a puff of smoke!
The porcupine bites you.
Ouch! That really hurt!
You die...

##+###########++######
)#.##................#
)'.##......#..#......#
##.##.........§......+
....'.......§...@....+
#####......#.r#r.....#
# #.........r......# #
####'#####++###### #
#.......# # #.......#
# #.......#
#+###...<...#
...##.......#


You could see a porcupine and 2 friendly quokkas.

Vanquished Creatures
  An adder (D)
  An ufetubus (D)
  A leopard gecko (D)
  2 jackals (D)
5 creatures vanquished.

Vanquished Creatures (collateral kills)
  An adder skeleton (D)
  An orc (D)
  A hobgoblin (D)
  A kobold (D)
4 creatures vanquished.

Grand Total: 9 creatures vanquished

Notes
Turn   | Place    | Note
-------+----------+-------------------------------------------
     0 | D        | equalderp2856 the Felid Summoner began the quest for the Orb.
     0 | D        | Reached XP level 1. HP: 7/7 MP: 4/4
    16 | D        | Reached skill level 5 in Summonings
    16 | D        | Reached XP level 2. HP: 3/11 MP: 6/6
   401 | D        | Reached skill level 6 in Summonings
   630 | D        | Noticed a porcupine
   702 | D        | Slain by a porcupine

Skill      XL: |  1  2 |
---------------+-------+-----
Dodging        | 3 |  3.3
Summonings     | 5 6 |  6.1
Stealth        | 3 |  3.0
Unarmed Combat | |  0.6
Spellcasting   | |  2.5

Action                   || total
-------------------------++-------
Melee: Unarmed           ||    31
       Bite              ||     4
 Cast: Summon Small Mamm ||    17
  Eat: Chunk             ||     5
Armor: Skin              ||     1
Dodge: Dodged            ||    42
